 Dungeon Crawl Stone Soup version 0.24-a0-725-gf1a930fc54 (webtiles) character file.

Game seed: 13058499640791102946, levelgen mode: deterministic

8912 seIthillrisiriel the Basher (level 11, -7/92 HPs)
             Began as a Minotaur Fighter on Oct 1, 2019.
             Was an Elder of Trog.
             Mangled by a two-headed ogre
             ... wielding a +0 giant club
              (19 damage)
             ... on level 10 of the Dungeon.
             The game lasted 00:58:34 (10149 turns).

seIthillrisiriel the Basher (Minotaur Fighter)     Turns: 10149, Time: 00:58:34

Health: -7/92      AC: 11    Str: 26    XL:     11   Next: 16%
Magic:  10/10      EV: 11    Int:  5    God:    Trog [****..]
Gold:   257        SH: 14    Dex: 16    Spells: 10/10 levels left

rFire    . . .     SeeInvis .   m - +8 long sword "Daoxkaj" {speed, rC+ Str+4 Dex+4}
rCold    + . .     Gourm    .   c - +1 shield
rNeg     + . .     Faith    .   b - +0 scale mail
rPois    .         Spirit   .   (helmet restricted)
rElec    .         Reflect  .   k - scarf {repulsion}
rCorr    .         Harm     .   (no gloves)
MR       .....                  d - +2 pair of boots
Stlth    +.........             H - amulet of regeneration
HPRegen  0.65/turn              h - +2 ring of evasion
MPRegen  0.12/turn              w - ring of positive energy

@: very slightly contaminated, invisible, repel missiles
A: retaliatory headbutt, horns 2
a: Berserk, Trog's Hand, Brothers in Arms, Renounce Religion


You were on level 10 of the Dungeon.
You worshipped Trog.
Trog was greatly pleased with you.
You were not hungry.

You visited 2 branches of the dungeon, and saw 12 of its levels.
You also visited: Ossuary.

You collected 557 gold pieces.
You spent 300 gold pieces at shops.

Inventory:

Hand Weapons
 g - a +2 antimagic mace
 m - the +8 long sword "Daoxkaj" (weapon) {speed, rC+ Str+4 Dex+4}
   (You found it on level 10 of the Dungeon)

   Attacks with this weapon are significantly faster.
   It affects your strength (+4).
   It affects your dexterity (+4).
   It protects you from cold.
 B - the +9 staff of Olgreb {rPois}
   (You found it on level 10 of the Dungeon)

   It protects you from poison.
Missiles
 t - 6 silver javelins (quivered)
Armour
 b - a +0 scale mail (worn)
 c - a +1 shield (worn)
 d - a +2 pair of boots (worn)
 k - a scarf of repulsion (worn)
 q - the +2 ratskin cloak {+Rats rPois rN+ Str-1 Int-1 Dex+1}
   (You found it on level 5 of the Dungeon)

   It affects your strength (-1).
   It affects your intelligence (-1).
   It affects your dexterity (+1).
   It protects you from poison.
   It protects you from negative energy.
 s - a scarf of cloud immunity
 z - the +0 robe "Taher" {Str+4}
   (You found it on level 10 of the Dungeon)

   It affects your strength (+4).
Jewellery
 h - a +2 ring of evasion (left hand)
 w - a ring of positive energy (right hand)
 H - an amulet of regeneration (around neck)
Wands
 i - a wand of digging (5)
 n - a wand of enslavement (11)
 u - a wand of paralysis (5)
 x - a wand of iceblast (23)
 C - a wand of random effects (21)
Scrolls
 e - 10 scrolls of remove curse
 j - 4 scrolls of fear
 r - a scroll of fog
 y - 3 scrolls of enchant armour
Potions
 a - a potion of brilliance
 o - a potion of flight
 A - a potion of lignification
Comestibles
 f - 12 rations


   Skills:
 - Level 7.3 Fighting
 * Level 4.4 Long Blades
 - Level 13.2 Maces & Flails
 + Level 8.3 Armour
 * Level 3.7 Stealth
 + Level 10.9 Shields


You had 10 spell levels left.
You didn't know any spells.
Your spell library contained the following spells:

 Spells                   Type           Power        Failure   Level  Hunger
 Beastly Appendage        Tmut           #.....       88%         1    ##.....
 Summon Small Mammal      Summ           #...         88%         1    ##.....
 Call Imp                 Summ           #.......     95%         2    ###....
 Sticks to Snakes         Tmut           #.......     95%         2    ###....
 Call Canine Familiar     Summ           #.......     99%         3    ####...
 Spider Form              Tmut/Pois      #.........   99%         3    ####...
 Summon Guardian Golem    Hex/Summ       #.......     99%         3    ####...
 Ice Form                 Ice/Tmut       #.......     100%        4    #####..
 Summon Ice Beast         Ice/Summ       #.......     100%        4    #####..
 Summon Lightning Spire   Summ/Air       #.......     100%        4    #####..
 Blade Hands              Tmut           #.........   100%        5    ######.


Dungeon Overview and Level Annotations

Branches:
Dungeon (11/15)            Temple (1/1) D:5         Ossuary (visited)
   Lair: D:8-11         Orc: D:9-12

Altars:
Ashenzari
Cheibriados
Dithmenos
Elyvilon
Fedhas
Gozag
Hepliaklqana
Kikubaaqudgha
Makhleb
Nemelex Xobeh
Okawaru
Qazlal
Ru
Sif Muna
Trog
Uskayaw
Vehumet
Wu Jian
Xom
Yredelemnul
Zin
The Shining One

Shops:
D:5 =   D:7 [   D:9 [

Annotations:
D:6 1 exclusion


Innate Abilities, Weirdness & Mutations

You reflexively headbutt those who attack you in melee.
You have a pair of horns on your head.


Message History

The two-headed ogre barely misses you.
You fade into invisibility!
You block the two-headed ogre's attack.
The two-headed ogre hits you with a +0 giant club!
* * * LOW HITPOINT WARNING * * *
You are very lightly contaminated with residual magic.
There is an open door here.
You see here a troll skeleton.
You completely miss the two-headed ogre.
The two-headed ogre is moderately wounded.
The two-headed ogre closely misses you.
The two-headed ogre hits you with a +0 giant club!
* * * LOW HITPOINT WARNING * * *
Evoke which item? (* to show all) (? for menu, Esc to quit)
Aiming: Paralyse
Press: ? - help, Shift-Dir - straight line, f - two-headed ogre
Aim: a two-headed ogre, wielding two +0 giant clubs (moderately wounded, chance to defeat MR: 28%)
The two-headed ogre easily resists.
The two-headed ogre hits you with a +0 giant club!!
You die...

##########
#........#######
#.######.......# #.#
#.#####.#
#.######.#####.# #######
#.....O@....##.###......
#..##.##.##........#####
#..##.##.......#...##
#........######.....#
##.##.##.# ##...##
#.......# ##.##
####.#### #.# #รท# #.#
#.# ##'##


You could see a two-headed ogre.

Vanquished Creatures
  A two-headed ogre (D:10)
  Pikel (D:5)
  A deep elf mage (D:10)
  A gargoyle (D:10)
  A troll (D:10)
  Grinder (D:6)
  A hippogriff (D:10)
  2 orc warriors (D:7)
  A wraith (D:10)
  A steam dragon (D:10)
  7 soldier ants (D:10)
  Duvessa (D:7)
  2 water moccasins
  2 sky beasts
  A slave (D:5)
  A hornet zombie (D:10)
  3 ice beasts
  A black bear (D:8)
  A phantom (D:5)
  A necrophage (D:10)
  2 ogres
  5 centaurs
  The ghost of Kairok the Sneak, an amateur VSMo (D:3)
  Blork the orc (D:5)
  A big kobold (D:10)
  Dowan (D:7)
  2 bullfrogs
  A gnoll sergeant (D:8)
  4 scorpions
  14 killer bees
  5 electric eels (D:9)
  3 howler monkeys
  16 wights
  A crimson imp (D:10)
  3 jellies
  A centaur zombie (Ossuary)
  2 hounds (D:4)
  8 orc wizards
  4 orc priests
  A bullfrog skeleton (D:4)
  A gnoll shaman (D:4)
  3 hell rats (D:5)
  7 worker ants
  A big kobold zombie (Ossuary)
  A hound skeleton (D:9)
  5 mummies
  13 gnolls
  18 adders
  4 river rats (D:5)
  2 shadow imps
  An ooze (D:2)
  3 adder skeletons
  2 worms
  3 dart slugs
  5 leopard geckos
  25 orcs
  16 bats
  8 giant cockroaches
  2 goblins (D:3)
  6 hobgoblins
  12 jackals
  4 quokkas
  A ball python skeleton (D:5)
  4 frilled lizards
  A gnoll zombie (Ossuary)
  3 goblin zombies (Ossuary)
  A hobgoblin zombie (Ossuary)
  8 kobolds
  An orc zombie (Ossuary)
  A quokka zombie (D:6)
  17 rats
  8 fungi (D:7)
294 creatures vanquished.

Vanquished Creatures (collateral kills)
  An ice beast (D:7)
  2 orcs (D:7)
3 creatures vanquished.

Vanquished Creatures (others)
  8 fungi (D:7)
8 creatures vanquished.

Grand Total: 305 creatures vanquished

Notes
Turn   | Place    | Note
-------+----------+-------------------------------------------
     0 | D:1      | seIthillrisiriel the Minotaur Fighter began the quest for
                  | the Orb.
     0 | D:1      | Reached XP level 1. HP: 19/19 MP: 0/0
    43 | D:1      | You fall into a shaft and drop 1 floor!
    47 | D:2      | Reached XP level 2. HP: 21/27 MP: 1/1
   279 | D:2      | Reached skill level 3 in Maces & Flails
   404 | D:1      | Reached XP level 3. HP: 33/33 MP: 2/2
  1353 | D:2      | Reached skill level 4 in Maces & Flails
  1353 | D:2      | Reached XP level 4. HP: 30/40 MP: 1/3
  1982 | D:4      | Reached skill level 5 in Maces & Flails
  1982 | D:4      | Reached XP level 5. HP: 20/46 MP: 1/4
  2148 | D:4      | Reached skill level 6 in Maces & Flails
  2187 | D:4      | Reached XP level 6. HP: 49/53 MP: 1/5
  2220 | D:4      | Found a stormy altar of Qazlal.
  2392 | D:4      | Found a sand-covered staircase.
  2402 | Ossuary  | Entered an ossuary
  3026 | D:3      | Reached skill level 7 in Maces & Flails
  3121 | D:3      | Noticed Kairok's ghost (amateur VSMo)
  3125 | D:3      | Found a transporter.
  3134 | D:3      | Found a transporter.
  3161 | D:3      | Killed Kairok's ghost
  3161 | D:3      | Reached skill level 5 in Shields
  3161 | D:3      | Reached XP level 7. HP: 47/60 MP: 2/6
  3595 | D:4      | Reached skill level 5 in Armour
  3628 | D:5      | Entered Level 5 of the Dungeon
  3819 | D:5      | Reached skill level 8 in Maces & Flails
  4022 | D:5      | Reached skill level 5 in Fighting
  4076 | D:5      | Noticed Blork the orc
  4080 | D:5      | Noticed Pikel
  4095 | D:5      | Killed Blork the orc
  4095 | D:5      | Reached XP level 8. HP: 63/68 MP: 2/7
  4099 | D:5      | Reached skill level 9 in Maces & Flails
  4108 | D:5      | Killed Pikel
  4108 | D:5      | Reached skill level 10 in Maces & Flails
  4357 | D:5      | Found a staircase to the Ecumenical Temple.
  4364 | Temple   | Entered the Ecumenical Temple
  4441 | Temple   | Became a worshipper of Trog the Wrathful
  4867 | D:5      | Found the +2 ratskin cloak {+Rats rPois rN+ Str-1 Int-1
                  | Dex+1}
  4951 | D:5      | Found Moikiy's Jewellery Shop.
  5313 | D:6      | Reached XP level 9. HP: 67/75 MP: 8/8
  5480 | D:6      | Noticed Grinder
  5486 | D:6      | Paralysed by Grinder for 6 turns
  5493 | D:6      | Killed Grinder
  5493 | D:6      | Reached skill level 11 in Maces & Flails
  5521 | D:6      | Reached * piety under Trog
  5872 | D:7      | Found a blossoming altar of Fedhas.
  5997 | D:7      | Noticed Duvessa
  6007 | D:7      | Noticed Dowan
  6012 | D:7      | Killed Duvessa
  6024 | D:7      | Killed Dowan
  6161 | D:7      | Found Yliqat's Armour Boutique.
  6869 | D:8      | Reached skill level 12 in Maces & Flails
  6944 | D:8      | Reached ** piety under Trog
  7781 | D:5      | Bought an uncursed amulet of regeneration for 300 gold
                  | pieces
  8083 | D:9      | Reached XP level 10. HP: 23/86 MP: 3/9
  8083 | D:9      | Reached skill level 1 in Stealth
  8098 | D:9      | Reached *** piety under Trog
  8233 | D:10     | Entered Level 10 of the Dungeon
  8243 | D:10     | Noticed a two-headed ogre
  8523 | D:9      | Found Seyrutac's Antique Armour Shoppe.
  9129 | D:10     | Found a runed translucent door.
  9140 | D:10     | Reached skill level 13 in Maces & Flails
  9232 | D:10     | Killed a two-headed ogre
  9292 | D:10     | Found a runed translucent gate.
  9309 | D:10     | Found a runed translucent gate.
  9309 | D:10     | Found a runed translucent gate.
  9321 | D:10     | Reached skill level 10 in Shields
  9331 | D:10     | Got a crystal long sword
  9332 | D:10     | Identified the +8 long sword "Daoxkaj" {speed, rC+ Str+4
                  | Dex+4} (You found it on level 10 of the Dungeon)
  9349 | D:10     | Found a runed translucent door.
  9375 | D:10     | Reached skill level 1 in Long Blades
  9433 | D:10     | Reached **** piety under Trog
  9452 | D:10     | Got a smoking robe
  9520 | D:10     | Found the +9 staff of Olgreb {rPois}
  9528 | D:10     | Identified the +0 robe "Taher" {Str+4} (You found it on
                  | level 10 of the Dungeon)
  9734 | D:10     | Reached XP level 11. HP: 89/92 MP: 10/10
  9944 | D:10     | Noticed a deep elf mage
  9954 | D:10     | Killed a deep elf mage
 10116 | D:10     | Noticed a two-headed ogre
 10149 | D:10     | Mangled by a two-headed ogre

Levels and vault maps discovered:
D:1:      mrwooster_arrival_statue, layout_basic
D:2:      layout_loops_cross, first_ration
D:3:      layout_basic, gammafunk_ghost_arena, grunt_decor_arrowhead
D:4:      layout_basic, nicolae_qazlal_eye_of_the_storm,
          gup_ossuary_entry_pyramid, serial_glass, glass_columns_a,
          glass_columns_b, glass_columns_b, glass_columns_b,
          hangedman_decor_peaks_small
D:5:      wander_guarded_unrand_ratskin, layout_cave_pods,
          minmay_temple_entry_arrows, serial_shops, shop, uniq_pikel,
          uniq_blork_the_orc
D:6:      layout_cave_pools, due_unseen_surprise, uniq_grinder
D:7:      old_forge, layout_basic, serial_shops, shop, basic_altar, uniq_duvessa
D:8:      layout_basic
D:9:      layout_cave_pools, serial_bayou, serial_bayou_pond_e,
          serial_bayou_crossing, serial_bayou_lake_a, serial_bayou_lagoon_b,
          serial_bayou_pond_b, serial_shops, nicolae_shop_overgrown_old_shop
D:10:     layout_loops_corners, hangedman_stone_soup,
          minmay_guarded_unrand_staff_of_olgreb
D:11:     layout_irregular_city, lair_entry_dummy, trog_wizard, uniq_grum
Temple:   dpeg_three_leaves_temple

Skill      XL: |  1  2  3  4  5  6  7  8  9 10 11 |
---------------+----------------------------------+-----
Armour         | 4 5 6 8 |  8.3
Fighting       | 4 5 7 |  7.3
Maces & Flails | 3 4 5 6 7 8 10 12 13 | 13.2
Shields        | 4 5 7 9 10 | 10.9
Stealth        | 3 |  3.7
Long Blades    | 3 4 |  4.4

Action                   |  1- 3 |  4- 6 |  7- 9 | 10-12 || total
-------------------------+-------+-------+-------+-------++-------
Melee: Flail             |    29 |       |       |       ||    29
       Headbutt          |     6 |    31 |    81 |    66 ||   184
       Mace              |    34 |   148 |   260 |   216 ||   658
       Whip              |       |       |   190 |       ||   190
       Long sword        |       |       |       |    75 ||    75
Throw: Javelin           |       |       |     9 |       ||     9
Evoke: Wand              |       |       |     2 |     1 ||     3
  Use: Scroll            |     5 |     9 |    11 |     5 ||    30
       Potion            |       |     1 |     7 |     5 ||    13
 Stab: Invisible         |       |       |       |     3 ||     3
  Eat: Ration            |     1 |     2 |     4 |     2 ||     9
       Chunk             |       |     1 |     1 |       ||     2
Armor: Scale mail        |    30 |    42 |   121 |    49 ||   242
Dodge: Dodged            |    15 |    44 |   120 |    84 ||   263
       Deflected         |       |       |     4 |     6 ||    10
Block: Shield            |    34 |    84 |   240 |   142 ||   500
       Rpst.: Long sword |       |       |       |     5 ||     5

Table legend:
 A = Non-vault XP
 B = Vault XP
 C = Vault XP percentage of total XP
 D = Non-vault monster count
 E = Vault monster count
 F = Vault count percentage of total count
                 A         B        C        D         E       F
            +---------+---------+-------+---------+---------+-------
      Total |    8242 |    4490 |  35.3 |     210 |      78 |  27.1
            +---------+---------+-------+---------+---------+-------
        D:1 |      10 |       0 |   0.0 |       5 |       0 |   0.0
        D:2 |     115 |       0 |   0.0 |      32 |       0 |   0.0
        D:3 |      76 |     125 |  62.2 |      24 |       4 |  14.3
        D:4 |     450 |      18 |   3.8 |      18 |       1 |   5.3
        D:5 |     718 |     913 |  56.0 |      20 |      23 |  53.5
        D:6 |     552 |     272 |  33.0 |      10 |       1 |   9.1
        D:7 |     597 |     421 |  41.4 |      13 |      12 |  48.0
        D:8 |    1073 |       0 |   0.0 |      36 |       0 |   0.0
        D:9 |    1363 |     172 |  11.2 |      28 |       2 |   6.7
       D:10 |    3288 |    2420 |  42.4 |      24 |      23 |  48.9
    Ossuary |       0 |     149 | 100.0 |       0 |      12 | 100.0
            +---------+---------+-------+---------+---------+-------
